 Dungeon Crawl Stone Soup version 0.21-a0-41-g5e91fef (webtiles) character file.

151 Duffy the Shield-Bearer (level 5, 0/49 HPs)
             Began as a Naga Fighter on June 4, 2017.
             Slain by Natasha (2 damage)
             ... on level 2 of the Dungeon.
             The game lasted 00:01:26 (1814 turns).

Duffy the Shield-Bearer (Naga Fighter)              Turns: 1814, Time: 00:01:27

Health: 0/49       AC:  8    Str: 19    XL:     5   Next: 33%
Magic:  5/5        EV:  3    Int:  9    God:
Gold:   101        SH:  9    Dex: 10    Spells: 4/4 levels left

rFire    . . .     SeeInvis +   a - +0 war axe
rCold    . . .     Gourm    .   c - +0 shield
rNeg     . . .     Faith    .   m - +0 chain mail
rPois    +         Spirit   .   b - +0 helmet
rElec    .         Reflect  .   (no cloak)
rCorr    .         Harm     .   g - +0 pair of gloves
MR       .....                  (no barding)
Stlth    ..........             (no amulet)
Regen    0.2/turn               (no ring)
MPRegen  0.1/turn               (no ring)

@: very slow
A: see invisible, deformed body, poison resistance, slowness 2, slow metabolism
1, spit poison 1, AC +1
a: Spit Poison


You were on level 2 of the Dungeon.
You were not hungry.

You visited 1 branch of the dungeon, and saw 2 of its levels.

You collected 101 gold pieces.

Inventory:

Hand Weapons
 a - a +0 war axe (weapon)
Armour
 b - a +0 helmet (worn)
 c - a +0 shield (worn)
 g - a +0 pair of gloves (worn)
 m - a +0 chain mail (worn)
Scrolls
 e - a scroll of identify {unknown}
 h - 2 scrolls of amnesia {unknown}
 l - a scroll of enchant armour {unknown}
Potions
 d - a potion of might
 j - 2 potions of flight {unknown}
 k - 2 potions of resistance
 n - a potion of lignification {unknown}
Comestibles
 f - 2 bread rations
 i - a chunk of flesh


   Skills:
 - Level 3.0 Fighting
 + Level 3.9 Axes
 - Level 2.4 Armour
 + Level 3.9 Shields


You had 4 spell levels left.
You didn't know any spells.

Dungeon Overview and Level Annotations

Branches:
Dungeon (2/15)

Altars:
Trog

Annotations:
D:2 Natasha


Innate Abilities, Weirdness & Mutations

You cannot wear boots.
Your serpentine skin is tough. (AC +1)
You have supernaturally acute eyesight. (SInv)
Armour fits poorly on your strangely shaped body.
Your system is resistant to poisons. (rPois)
You cover ground very slowly.
You have a slow metabolism.
You can spit poison.


Message History

Natasha claws you.
You miss Natasha.
Natasha is severely wounded.
You closely miss the shadow imp. The shadow imp gestures at you.
You struggle to resist.
Natasha wildly gestures.
You feel disoriented. Natasha claws you but does no damage.
You block the shadow imp's attack.
You miss Natasha.
Natasha is severely wounded.
You closely miss the shadow imp. Natasha barely misses you.
The shadow imp gestures at you.
You struggle to resist.
You barely miss Natasha.
Natasha is severely wounded.
You hit the shadow imp. You block Natasha's attack.
The shadow imp gestures at you. Pain shoots through your body!
Natasha claws you.
You die...

#.....<...#..##..#
#.#[..#####..###.#
..#..........###.#
# #.%.........##.#
#.########..##.# #.
#..##.# #.
#..##.##### #.
#...5h....# ######
#. #.###@###....
...... .. #.# #5#
#. ...... #.
######.###.###....
######
..................?
........###########
#########


You could see Natasha, a crimson imp and a shadow imp.

Vanquished Creatures
  Terence (D:2)
  Natasha (D:2)
  Robin (D:2)
  3 adders (D:2)
  A worm (D:2)
  4 dart slugs
  2 leopard geckos (D:2)
  3 bats
  13 goblins
  7 hobgoblins
  A quokka (D:2)
  2 ball pythons (D:1)
  A frilled lizard (D:1)
  4 kobolds
  8 rats
52 creatures vanquished.

Notes
Turn   | Place    | Note
-------+----------+-------------------------------------------
     0 | D:1      | Duffy the Naga Fighter began the quest for the Orb.
     0 | D:1      | Reached XP level 1. HP: 21/21 MP: 1/1
   243 | D:1      | Reached XP level 2. HP: 28/28 MP: 2/2
   925 | D:2      | Reached XP level 3. HP: 34/34 MP: 3/3
   998 | D:2      | Noticed Terence
  1006 | D:2      | Killed Terence
  1006 | D:2      | Reached XP level 4. HP: 40/42 MP: 4/4
  1066 | D:2      | Found a bloodstained altar of Trog.
  1301 | D:2      | Noticed Robin
  1322 | D:2      | Killed Robin
  1443 | D:2      | Reached XP level 5. HP: 45/49 MP: 5/5
  1685 | D:2      | Noticed Natasha
  1696 | D:2      | Killed Natasha
  1795 | D:2      | Noticed Natasha
  1814 | D:2      | HP: 2/49 [shadow imp/nerve-wracking pain[Natasha] (12)]
  1814 | D:2      | Slain by Natasha

Vault maps used:
D:1:      dpeg_arrival_three_smaller_balls
D:2:      lemuel_crystal_altar, uniq_natasha, uniq_robin, uniq_terence

Skill      XL: |  1  2  3 |
---------------+----------+-----
Shields        | 3 |  3.9
Axes           | 3 |  3.9
Fighting       | |  3.0
Armour         | |  2.4

Action                   |  1- 3 |  4- 6 || total
-------------------------+-------+-------++-------
Melee: War axe           |    74 |   120 ||   194
 Abil: Spit Poison       |       |     1 ||     1
  Eat: Chunk             |       |     2 ||     2
Armor: Scale mail        |    36 |       ||    36
       Chain mail        |       |    63 ||    63
Dodge: Dodged            |    17 |    20 ||    37
Block: Shield            |    35 |    54 ||    89
